 Dungeon Crawl Stone Soup version 0.29.0-4-gdea44cf6ec (webtiles) character file.

Game seed: 4818756496826028034

639 qw the Chopper (level 7, -11/43 HPs)
             Began as a Gargoyle Berserker on Sept 6, 2022.
             Was a Believer of Trog.
             Mangled by an ogre
             ... wielding a +0 giant spiked club
              (32 damage)
             ... on level 5 of the Dungeon.
             The game lasted 00:01:35 (5035 turns).

qw the Chopper (Gargoyle Berserker)                 Turns: 5035, Time: 00:01:36

Health: -11/43     AC: 16    Str: 23    XL:     7   Next: 50%
Magic:  7/7        EV:  8    Int:  7    God:    Trog [**....]
Gold:   232        SH:  0    Dex: 12    Spells: 6/6 levels left

rFire   . . .      SeeInvis .   Y - +1 war axe
rCold   . . .      Faith    .   (no shield)
rNeg    + . .      Spirit   .   i - +0 chain mail
rPois   inf        Reflect  .   (no helmet)
rElec   +          Harm     .   (no cloak)
rCorr   .          Rampage  .   o - +1 pair of gloves {Dex+3}
Will    .....                   (no boots)
Stlth   ..........              a - amulet of regeneration
HPRegen 0.94/turn               (no ring)
MPRegen 0.10/turn               (no ring)

@: on berserk cooldown, slowed, very slow
A: sickness immunity, AC +4, negative energy resistance 1, electricity
resistance, torment resistance 1, petrification resistance
a: Renounce Religion, Berserk, Trog's Hand


You were on level 5 of the Dungeon.
You worshipped Trog.
Trog was pleased with you.
You visited 1 branch of the dungeon, and saw 5 of its levels.

You collected 292 gold pieces.
You spent 60 gold pieces at shops.


Innate Abilities, Weirdness & Mutations

You are immune to sickness and miasma.
Your stone body is resilient. (AC +4)
You are immune to poison.
You resist negative energy. (rN+)
You are resistant to electric shocks. (rElec)
You are resistant to unholy torment.
You are immune to petrification.


   Skills:
 + Level 4.0 Fighting
 - Level 7.2 Axes
 - Level 3.3 Armour
 - Level 1.5 Dodging


You had 6 spell levels left.
You didn't know any spells.
Your spell library was empty.

Inventory:

Hand Weapons
 b - a +0 morningstar
 Y - a +1 war axe (weapon)
Armour
 i - a +0 chain mail (worn)
 o - a +1 pair of gloves of dexterity (worn)
Jewellery
 a - an amulet of regeneration (around neck)
Scrolls
 f - 2 scrolls of identify
 j - a scroll of teleportation
Potions
 c - 3 potions of curing
 e - 2 potions of heal wounds

Dungeon Overview and Level Annotations

Branches:
Dungeon (5/15)
 Temple: D:4-7

Altars:

Shops:
D:1 (   D:5 [(


Message History

Found a stone staircase leading down.
You now have 232 gold pieces (gained 6).
There is a stone staircase leading down here.
A black bear comes into view.
Found a potion of curing.
Enter note:
Enter note:
5023 ||| INVOKING Berserk.
A red film seems to cover your vision as you go berserk!
You feel yourself moving faster!
You feel mighty!
You barely miss the black bear. You slash the black bear!
The black bear is severely wounded.
You hear a shout!
The black bear goes berserk!
You hear a shout!
You barely miss the black bear.
The black bear is severely wounded.
The black bear bites you but does no damage.
The black bear claws you. x2
You slash the black bear!
You kill the black bear!
Trog accepts your kill.
Your Axes skill increases to level 7!
You start resting.
You feel a strong urge to attack something.
You feel your anger nearly subside.
You are no longer berserk.
You are exhausted.
You feel yourself slow down.
An ogre comes into view. It is wielding a +0 giant spiked club.
You barely miss the ogre.
The ogre hits you with a +0 giant spiked club!
You closely miss the ogre.
The ogre hits you with a +0 giant spiked club!
You hit the ogre.
The ogre is lightly wounded.
The ogre closely misses you.
The ogre hits you with a +0 giant spiked club!!
Ouch! That really hurt!
You die...

##.....#.#####
######........#
#.............#
#.####........#
#.# ##.....#.#
#.# ##...##.#
#.# ##.###.#
#.## #.# #.#
.......#@# #.#
#.# ###..##O##
.... #' ### '\
.#' ..!. .. .#
... .


You could see an ogre.

Vanquished Creatures
  Duvessa (D:5)
  A black bear (D:5)
  Blork the orc (D:5)
  A necrophage (D:4)
  Dowan (D:5)
  3 iguanas
  Ijyb (D:5)
  4 adders
  3 gnolls
  An ufetubus (D:5)
  2 worms
  7 orcs (D:4)
  7 bats
  6 endoplasms
  3 giant cockroaches
  8 goblins
  7 hobgoblins
  7 jackals
  3 kobolds
  4 quokkas
  6 ball pythons
  5 frilled lizards
  4 rats
86 creatures vanquished.

Vanquished Creatures (others)
  8 plants (D:5)
8 creatures vanquished.

Grand Total: 94 creatures vanquished

Notes
Turn   | Place    | Note
-------+----------+-------------------------------------------
     0 | D:1      | qw the Gargoyle Berserker began the quest for the Orb.
     0 | D:1      | Reached XP level 1. HP: 14/14 MP: 1/1
     0 | D:1      | 0 ||| qw: Version: 0.1-a-108-g9e35731
     0 | D:1      | 0 ||| qw: Game counter: 6385
     0 | D:1      | 0 ||| qw: Always use a shield: true
     0 | D:1      | 0 ||| qw: Do Orc after D:15 true
     0 | D:1      | 0 ||| qw: Do second Lair branch before Depths: true
     0 | D:1      | 0 ||| qw: Lair rune preference: random
     0 | D:1      | 0 ||| qw: Plans: Normal
     0 | D:1      | 0 ||| PLANNING D:1-11
    24 | D:1      | Found Orustroiq's Antique Weapon Emporium.
    41 | D:1      | 41 ||| SHOPLISTING whip (55 gold, have 0).
    65 | D:1      | 65 ||| INVOKING Berserk.
    66 | D:1      | 66 ||| INVOKING Berserk.
   328 | D:1      | Reached skill level 3 in Axes
   449 | D:1      | Reached XP level 2. HP: 19/19 MP: 2/2
  1117 | D:1      | Reached XP level 3. HP: 20/23 MP: 3/3
  1541 | D:1      | 1541 ||| UPGRADING to +2 leather armour of cold resistance.
  1551 | D:1      | 1551 ||| DROPPING +0 animal skin.
  1552 | D:1      | 1552 ||| UPGRADING to +0 pair of gloves of dexterity.
  1557 | D:1      | 1557 ||| READING scroll labelled PIG MUNOKKIOF.
  1558 | D:1      | 1558 ||| READING 4 scrolls labelled WOYREAMYNUX.
  1559 | D:1      | 1559 ||| READING scroll labelled MASUIKYULASM.
  1560 | D:1      | 1560 ||| READING scroll labelled ZEQUNU OPIROPN.
  1561 | D:1      | 1561 ||| READING scroll labelled EREFAE XIZXU.
  1562 | D:1      | 1562 ||| DRINKING 2 sedimented blue potions.
  1563 | D:1      | 1563 ||| READING 3 scrolls of identify.
  1563 | D:1      | 1563 ||| IDENTIFYING fuming emerald potion
  1564 | D:1      | 1564 ||| READING 2 scrolls of identify.
  1564 | D:1      | 1564 ||| IDENTIFYING brown potion
  1565 | D:1      | 1565 ||| DROPPING potion of ambrosia.
  1566 | D:1      | 1566 ||| DROPPING potion of degeneration.
  1756 | D:2      | Reached ** piety under Trog
  1757 | D:2      | Reached skill level 4 in Axes
  2076 | D:2      | Found a faded altar of an unknown god.
  2122 | D:2      | Reached XP level 4. HP: 25/28 MP: 4/4
  2479 | D:2      | 2479 ||| READING scroll labelled FIEKUKOGERE.
  2480 | D:2      | 2480 ||| DRINKING 3 viscous blue potions.
  2481 | D:2      | 2481 ||| READING 4 scrolls of identify.
  2481 | D:2      | 2481 ||| IDENTIFYING glowing sapphire potion
  2482 | D:2      | 2482 ||| READING 3 scrolls of identify.
  2482 | D:2      | 2482 ||| IDENTIFYING white potion
  2483 | D:2      | 2483 ||| DROPPING potion of lignification.
  2484 | D:2      | 2484 ||| DROPPING potion of attraction.
  2500 | D:3      | 2500 ||| STAIRDANCE
  2502 | D:2      | 2502 ||| INVOKING Berserk.
  2612 | D:3      | 2612 ||| STAIRDANCE
  2614 | D:2      | 2614 ||| INVOKING Berserk.
  2723 | D:3      | 2723 ||| INVOKING Berserk.
  2749 | D:3      | 2749 ||| STAIRDANCE
  2870 | D:3      | Reached skill level 5 in Axes
  3090 | D:3      | Reached XP level 5. HP: 32/32 MP: 5/5
  3263 | D:3      | 3263 ||| INVOKING Berserk.
  3410 | D:3      | 3410 ||| SWAPPING to +0 war axe.
  3411 | D:3      | 3411 ||| DROPPING +1 hand axe.
  3574 | D:3      | 3574 ||| READING scroll labelled WEARCH LUTTAJA.
  3575 | D:3      | 3575 ||| READING scroll labelled XIQOTE ODETZ.
  3576 | D:3      | 3576 ||| READING scroll labelled QAUSMOCZELE.
  3579 | D:3      | 3579 ||| READING scroll labelled XUNOAFFASU.
  3580 | D:3      | 3580 ||| READING 3 scrolls of identify.
  3580 | D:3      | 3580 ||| IDENTIFYING silvery potion
  3581 | D:3      | 3581 ||| DROPPING potion of brilliance.
  3644 | D:4      | You fall into a shaft and drop 1 floor!
  3644 | D:5      | Entered Level 5 of the Dungeon
  3650 | D:5      | Found Loallorgh's Weapon Shoppe.
  3650 | D:5      | Noticed Blork the orc
  3651 | D:5      | 3651 ||| Stepping ~*~*~tactically~*~*~ (hiding).
  3655 | D:5      | 3655 ||| INVOKING Berserk.
  3667 | D:5      | Killed Blork the orc
  3668 | D:5      | Reached XP level 6. HP: 31/38 MP: 6/6
  4327 | D:4      | 4327 ||| INVOKING Berserk.
  4333 | D:4      | Reached skill level 6 in Axes
  4510 | D:4      | 4510 ||| DROPPING +0 whip.
  4518 | D:4      | 4518 ||| READING scroll of enchant weapon.
  4518 | D:4      | 4518 ||| ENCHANTING +0 war axe.
  4543 | D:4      | 4543 ||| READING scroll of enchant armour.
  4543 | D:4      | 4543 ||| ENCHANTING +0 pair of gloves of dexterity.
  4557 | D:4      | 4557 ||| UPGRADING to +2 robe of resistance.
  4567 | D:4      | 4567 ||| DROPPING +0 ring mail.
  4568 | D:4      | 4568 ||| DROPPING +2 leather armour of cold resistance.
  4569 | D:4      | 4569 ||| UPGRADING to +0 chain mail.
  4579 | D:4      | 4579 ||| DROPPING +2 robe of resistance.
  4580 | D:4      | 4580 ||| READING scroll labelled JURIFF KUEMOP.
  4580 | D:4      | Identified a scroll of acquirement
  4580 | D:4      | 4580 ||| ACQUIRING amulet of regeneration
  4580 | D:4      | Acquired an amulet of regeneration
  4582 | D:4      | 4582 ||| UPGRADING to amulet of regeneration.
  4587 | D:4      | 4587 ||| DRINKING 2 smoky brown potions.
  4588 | D:4      | 4588 ||| DROPPING potion of magic.
  4627 | D:5      | 4627 ||| BUYING +0 morningstar (60 gold).
  4627 | D:5      | Bought a +0 morningstar for 60 gold pieces
  4627 | D:5      | 4627 ||| DROPPING +0 flail.
  4633 | D:5      | Noticed Ijyb
  4634 | D:5      | 4634 ||| Stepping ~*~*~tactically~*~*~ (hiding).
  4639 | D:5      | 4639 ||| INVOKING Berserk.
  4648 | D:5      | Killed Ijyb
  4778 | D:5      | Noticed Dowan
  4779 | D:5      | 4779 ||| Stepping ~*~*~tactically~*~*~ (hiding).
  4786 | D:5      | 4786 ||| INVOKING Berserk.
  4795 | D:5      | Killed Dowan
  4796 | D:5      | Reached skill level 3 in Armour
  4848 | D:5      | Noticed Duvessa
  4849 | D:5      | 4849 ||| Stepping ~*~*~tactically~*~*~ (stealth).
  4850 | D:5      | 4850 ||| Stepping ~*~*~tactically~*~*~ (stealth).
  4852 | D:5      | 4852 ||| INVOKING Berserk.
  4856 | D:5      | Killed Duvessa
  4857 | D:5      | Reached XP level 7. HP: 21/43 MP: 7/7
  4864 | D:5      | 4864 ||| Stepping ~*~*~tactically~*~*~ (stealth).
  4893 | D:5      | 4893 ||| FLEEEEING.
  4894 | D:5      | 4894 ||| FLEEEEING.
  4896 | D:5      | 4896 ||| FLEEEEING.
  4899 | D:5      | 4899 ||| FLEEEEING.
  4900 | D:5      | 4900 ||| FLEEEEING.
  4901 | D:5      | 4901 ||| FLEEEEING.
  5022 | D:5      | Found Mihul's Antique Armour Shop.
  5023 | D:5      | 5023 ||| INVOKING Berserk.
  5028 | D:5      | Reached skill level 7 in Axes
  5035 | D:5      | Mangled by an ogre

Levels and vault maps discovered:
D:1:      dpeg_arrival_rooms_b, layout_basic, serial_shops,
          nicolae_shop_crystal, minmay_misc_feat_pillars
D:2:      layout_loops_corners, hellmonk_ecumenical_altar_inner_sanctum
D:3:      layout_loops_ring
D:4:      layout_loops_ring, minmay_misc_feat_roman
D:5:      layout_loops_ring, minmay_temple_entry_crystal_x, serial_shops,
          nicolae_shop_behind_doors, kennysheep_mini, shop, minmay_lizard_king,
          uniq_blork_the_orc, uniq_duvessa, uniq_pikel, uniq_ijyb

Skill      XL: |  1  2  3  4  5  6  7 |
---------------+----------------------+-----
Axes           | 3 4 5 6 7 |  7.2
Fighting       | 4 |  4.0
Armour         | 3 |  3.3
Dodging        | |  1.5

Action                   |  1- 3 |  4- 6 |  7- 9 || total
-------------------------+-------+-------+-------++-------
Melee: Hand axe          |   118 |    50 |       ||   168
       Punch             |       |     4 |       ||     4
       War axe           |       |    96 |    17 ||   113
Throw: Boomerang         |    12 |       |       ||    12
Invok: Berserk           |     1 |     9 |     1 ||    11
  Use: Scroll            |     7 |    11 |       ||    18
       Potion            |     1 |     2 |       ||     3
Armor: Animal skin       |    38 |       |       ||    38
       Leather armour    |    21 |    50 |       ||    71
       Chain mail        |       |     7 |     9 ||    16
Dodge: Dodged            |    82 |    77 |     3 ||   162

Table legend:
 A = Non-vault XP
 B = Vault XP
 C = Vault XP percentage of total XP
 D = Non-vault monster count
 E = Vault monster count
 F = Vault count percentage of total count
                 A         B        C        D         E       F
            +---------+---------+-------+---------+---------+-------
      Total |     522 |     391 |  42.8 |      78 |       8 |   9.3
            +---------+---------+-------+---------+---------+-------
        D:1 |      41 |       0 |   0.0 |      23 |       0 |   0.0
        D:2 |      87 |       0 |   0.0 |      22 |       0 |   0.0
        D:3 |      86 |       0 |   0.0 |      14 |       0 |   0.0
        D:4 |     184 |       0 |   0.0 |      17 |       0 |   0.0
        D:5 |     124 |     391 |  75.9 |       2 |       8 |  80.0
            +---------+---------+-------+---------+---------+-------
